 Dungeon Sprint DCSS version 0.23.1 (webtiles) character file.

Game seed: 1868146349520182904

1887 nuthulu the Fighter (level 9, -1/166 HPs)
             Began as an Ogre Berserker on Mar 7, 2019.
             Was an Elder of Trog.
             Slain by a centaur warrior (8 damage)
             ... in the Dungeon (Sprint I: "Red Sonja").
             The game lasted 00:01:42 (1508 turns).

nuthulu the Fighter (Ogre Berserker)                Turns: 1508, Time: 00:01:43

Health: -1/166     AC:  3    Str: 31    XL:     9   Next: 14%
Magic:  9/9        EV: 13    Int:  8    God:    Trog [****..]
Gold:   419        SH:  0    Dex:  8    Spells: 8/8 levels left

rFire    . . .     SeeInvis .   j - +0 giant club
rCold    . . .     Gourm    .   (shield currently unavailable)
rNeg     . . .     Faith    .   b - +0 animal skin
rPois    .         Spirit   .   (helmet restricted)
rElec    .         Reflect  .   (no cloak)
rCorr    .         Harm     .   (gloves unavailable)
MR       ++...     NoTele   +   (boots unavailable)
Stlth    ..........             (no amulet)
HPRegen  1.37/turn              (no ring)
MPRegen  0.11/turn              (no ring)

@: berserking, regenerating, slow
A: large, unfitting armour, tough skin 1
a: Berserk, Trog's Hand, Brothers in Arms, Renounce Religion


You were in the Dungeon.
You worshipped Trog.
Trog was greatly pleased with you.
You were not hungry.

You visited 1 branch You collected 419 gold pieces.

Inventory:

Hand Weapons
 a - a +0 mace
 j - a +0 giant club (weapon)
Armour
 b - a +0 animal skin (worn)
Scrolls
 i - a scroll of blinking
Potions
 d - a potion of curing
 e - a potion of heal wounds
 f - a potion of haste
 g - 2 potions of magic
 h - a potion of berserk rage


   Skills:
 + Level 13.8 Fighting
 * Level 12.3 Maces & Flails
 + Level 10.2 Dodging


You had 8 spell levels left.
You didn't know any spells.
Your spell library was empty.

Dungeon Overview and Level Annotations

Branches:
Dungeon (1/1)

Altars:
Cheibriados
Dithmenos
Elyvilon
Fedhas
Gozag
Hepliaklqana
Kikubaaqudgha
Makhleb
Nemelex Xobeh
Okawaru
Qazlal
Ru
Sif Muna
Trog
Uskayaw
Vehumet
Wu Jian
Xom
Yredelemnul
Zin
The Shining One
Jiyva
Lugonu

Shops:
D (


Innate Abilities, Weirdness & Mutations

You are too large for most types of armour.
You have tough skin. (AC +1)


Message History

* * * LOW HITPOINT WARNING * * *
You bludgeon the centaur warrior!!
You kill the centaur warrior!
Trog accepts your kill.
You can now call in reinforcements.
Your Maces & Flails skill increases to level 12!
Your Dodging skill increases to level 10!
You have reached level 9!
Your experience leads to an increase in your attributes!
Your base attributes are Str 24, Int 8, Dex 8.
Increase (S)trength, (I)ntelligence, or (D)exterity?
You feel stronger. x2
Unknown command.
You barely miss the centaur warrior. The centaur warrior barely misses you.
You beat the centaur warrior like a drum!!!
The centaur warrior is severely wounded.
The centaur warrior hits you but does no damage.
You sock the centaur warrior!
The centaur warrior is almost dead.
The centaur warrior hits you!
You die...

########################
.#..+..#..'..#__#..'...#
.+).#..').#..'..'..#)..#
.#####'#####'#__####...+
.####..#...#(####§?#####
.#__####..##.#≈§§§§#
.#_____##'#_.'≈§§c§+
⌠#_.∩...'...§#≈§@§§#
##_..__##_.#+##+####
#_____###+# #######


You could see a centaur warrior.

Vanquished Creatures
  A centaur warrior (D)
  2 kobold demonologists (D)
  A slime creature (D)
  Sigmund (D)
  A yak (D)
  A floating eye (D)
  An ogre (D)
  A jelly (D)
  Ijyb (D)
10 creatures vanquished.

Vanquished Creatures (others)
  the Lernaean hydra (D)
  A merfolk siren (D)
  3 hornets (D)
5 creatures vanquished.

Grand Total: 15 creatures vanquished

Notes
Turn   | Place    | Note
-------+----------+-------------------------------------------
     0 | D        | nuthulu the Ogre Berserker began the quest for the Orb.
     0 | D        | Reached XP level 1. HP: 24/24 MP: 1/1
     1 | D        | Noticed Ijyb
    17 | D        | Killed Ijyb
    17 | D        | Reached skill level 5 in Fighting
    17 | D        | Reached XP level 2. HP: 8/36 MP: 2/2
    17 | D        | Reached XP level 3. HP: 9/44 MP: 3/3
   272 | D        | Noticed an ogre
   277 | D        | Killed an ogre
   277 | D        | Reached skill level 8 in Fighting
   277 | D        | Reached skill level 5 in Maces & Flails
   277 | D        | Reached skill level 5 in Dodging
   277 | D        | Reached XP level 4. HP: 21/57 MP: 4/4
   502 | D        | Noticed Sigmund
   513 | D        | Killed Sigmund
   513 | D        | Reached ** piety under Trog
   513 | D        | Reached skill level 10 in Fighting
   513 | D        | Reached XP level 5. HP: 7/68 MP: 5/5
   513 | D        | Reached XP level 6. HP: 8/78 MP: 6/6
   827 | D        | Found an ornate altar of the Wu Jian Council.
   827 | D        | Found a deep blue altar of Sif Muna.
   829 | D        | Found a radiant altar of Vehumet.
   850 | D        | Found Iteadec's Weapon Emporium.
   850 | D        | Found an ancient bone altar of Kikubaaqudgha.
   850 | D        | Found a hazy altar of Hepliaklqana.
   850 | D        | Found a hide-covered altar of Uskayaw.
   850 | D        | Found a basalt altar of Yredelemnul.
   850 | D        | Found an opulent altar of Gozag.
   850 | D        | Found a snail-covered altar of Cheibriados.
   850 | D        | Found a sacrificial altar of Ru.
   850 | D        | Found a shadowy altar of Dithmenos.
   850 | D        | Noticed a yak
   855 | D        | Killed a yak
   855 | D        | Reached skill level 11 in Fighting
   855 | D        | Reached XP level 7. HP: 74/88 MP: 7/7
   856 | D        | Found a stormy altar of Qazlal.
   856 | D        | Found a blossoming altar of Fedhas.
   856 | D        | Found a bloodstained altar of Trog.
   856 | D        | Found an iron altar of Okawaru.
   856 | D        | Found a glowing golden altar of the Shining One.
   856 | D        | Found a glowing silver altar of Zin.
   856 | D        | Found a white marble altar of Elyvilon.
   899 | D        | Found a sparkling altar of Nemelex Xobeh.
   919 | D        | Found a viscous altar of Jiyva.
   919 | D        | Found a corrupted altar of Lugonu.
   919 | D        | Noticed a slime creature
   920 | D        | Found a burning altar of Makhleb.
   920 | D        | Found a shimmering altar of Xom.
   924 | D        | Killed a slime creature
   924 | D        | Reached *** piety under Trog
   997 | D        | Killed a hornet
  1038 | D        | Killed a merfolk siren
  1058 | D        | Noticed a kobold demonologist
  1058 | D        | Noticed a kobold demonologist
  1059 | D        | Paralysed by a floating eye for 2 turns
  1061 | D        | Reached skill level 12 in Fighting
  1061 | D        | Reached skill level 10 in Maces & Flails
  1067 | D        | Killed a kobold demonologist
  1067 | D        | Reached XP level 8. HP: 101/101 MP: 8/8
  1069 | D        | Noticed an orange demon
  1078 | D        | Killed a kobold demonologist
  1078 | D        | Reached **** piety under Trog
  1078 | D        | Reached skill level 13 in Fighting
  1101 | D        | Killed a hornet
  1243 | D        | Killed a hornet
  1368 | D        | Killed the 27-headed Lernaean hydra
  1498 | D        | Noticed a centaur warrior
  1498 | D        | Noticed a centaur warrior
  1504 | D        | HP: 3/153 [centaur warrior (6)]
  1505 | D        | Killed a centaur warrior
  1505 | D        | Reached skill level 10 in Dodging
  1505 | D        | Reached XP level 9. HP: 4/111 MP: 9/9
  1508 | D        | Slain by a centaur warrior

Skill      XL: |  1  2  3  4  5  6  7  8 |
---------------+-------------------------+-----
Fighting       | 5 8 10 11 12 13 | 13.8
Maces & Flails | 4 5 7 8 10 12 | 12.3
Dodging        | 4 5 7 9 10 | 10.2

Action                   |  1- 3 |  4- 6 |  7- 9 || total
-------------------------+-------+-------+-------++-------
Melee: Mace              |    17 |       |       ||    17
       Giant club        |       |    16 |    27 ||    43
Invok: Berserk           |     2 |       |     2 ||     4
       Trog's Hand       |       |       |     1 ||     1
  Eat: Chunk             |       |     1 |     2 ||     3
       Ration            |       |       |     1 ||     1
Armor: Animal skin       |     3 |     2 |     3 ||     8
Dodge: Dodged            |     8 |     5 |    24 ||    37
